Unix NetHack Version 5.0.0-0 post-release - last build May 31 2026 23:59:36 (970b52f25bf058293b47ddfd14a1e40e571c508c,branch:main).

Game began 2026-06-09 12:44:48, ended 2026-06-09 15:58:51.

AndiBanandi, chaotic female orcish Barbarian

                                ----   --------
                                |..-----....).|
                                |.)...^.......|
                                |^------.))...|
                                |.|    |.)....|
                                |.|------.----|
                                |.||....|.....|
                                |.||..`*|....`|
                                |)|-.`......`.|
                                |<|@q..---..``|
                                -------- ------

AndiBanandi the Bandit     St:18/01 Dx:14 Co:18 In:7 Wi:9 Ch:6  Chaotic
Dlvl:5  $:304 HP:0(101) Pw:21(21) AC:3  Xp:9 T:8102  Satiated

Latest messages:
 What do you want to zap?
 In what direction? 6
 The dingo misses!
 You kill the dingo!
 You see a giant bat.
 You see a giant bat.
 The giant bat bites!
 The giant bat bites!
 You kill the giant bat!
 You see here a giant bat corpse.
 You see here a giant bat corpse.
 You see here a giant bat corpse.
 You see a killer bee.
 The killer bee stings!
 You kill the killer bee!
 You see a killer bee.
 You miss the killer bee.
 The killer bee stings!
 The killer bee misses!
 You miss the killer bee.
 The killer bee just misses!
 You kill the killer bee!
 You see a kobold mummy.
 The kobold mummy hits!
 You smite the kobold mummy!
 You destroy the kobold mummy!
 You see a killer bee.
 There is a doorway here.
 You see here a mummy wrapping.
 You miss the killer bee.
 The killer bee stings!
 You kill the killer bee!
 You see a blue jelly.
 Something is engraved here on the headstone.
 You read: "Come and see the violence inherent in the system".
 You kill the blue jelly!
 There is a doorway here.
 You see here a mummy wrapping.
 You see a hill orc.
 You climb up the stairs.
 You see a leocrotta.
 The leocrotta hits!
 The leocrotta bites!
 The leocrotta hits!
 You die...
 Do you want your possessions identified? [ynq] (y) y
 Do you want to see your attributes? [ynq] (y) y
 Do you want an account of creatures vanquished? [ynaq] (y) n
 Do you want to see your conduct and achievements? [ynq] (y) n
 Do you want to see the dungeon overview? [ynq] (y) n

Inventory:
 Coins    ('$')
  $ - 304 gold pieces
 Weapons  (')')
  w - 6 +0 daggers (at the ready)
  c - a cursed +0 elven dagger
  a - a +0 battle-axe (weapon in hands)
 Armor    ('[')
  f - an uncursed +0 dwarvish iron helm
  K - an uncursed +0 orcish helm (being worn)
  y - a blessed +1 pair of iron shoes (being worn)
  h - an uncursed +0 dwarvish cloak
  F - an uncursed thoroughly rotted +0 dwarvish cloak (being worn)
  m - a blessed +0 ring mail (being worn)
 Comestibles  ('%')
  d - 3 uncursed food rations
  v - 4 uncursed tripe rations
  Q - an uncursed lizard corpse
 Scrolls  ('?')
  i - a cursed scroll of destroy armor
  X - an uncursed scroll of earth
 Potions  ('!')
  k - an uncursed potion of booze
  I - a cursed potion of extra healing
  r - 3 uncursed potions of healing
  t - a blessed potion of monster detection
  V - an uncursed potion of object detection
  b - a cursed potion of speed
 Rings    ('=')
  E - an uncursed ring of free action named NC (on right hand)
  J - an uncursed ring of slow digestion named NC (on left hand)
  M - an uncursed ring of sustain ability
 Wands    ('/')
  D - a wand of fire (0:4)
  O - a wand of light (0:14)
  U - a wand of magic missile named empty (0:0)
  g - a wand of nothing (0:6)
  H - a wand of opening (0:6)
  C - a wand of secret door detection (0:12)
  n - a wand of teleportation (0:6)
 Tools    ('(')
  G - an uncursed leash
  N - an uncursed lock pick
  s - an uncursed skeleton key
  P - a +0 unicorn horn (alternate weapon; not wielded)

AndiBanandi the Barbarian's attributes:

Background:
 You were a Bandit, a level 9 female orcish Barbarian.
 You were chaotic, on a mission for Set
 who was opposed by Mitra (lawful) and Crom (neutral).
 You were right-handed.
 You were in Sokoban, on level 5.
 You entered the dungeon 8102 turns ago.
 You had 3493 experience points, 1627 more were needed to attain level 10.

Basics:
 You had 0 out of 101 hit points.
 You had all 21 energy points (spell power).
 Your armor class was 3.
 Your wallet contained 304 zorkmids.
 Autopickup was on for '$"/!?+' plus thrown.

Final Characteristics:
 Your strength was 18/01 (limit:18/50).
 Your dexterity was 14 (peak:17, limit:18).
 Your constitution was 18 (limit:18).
 Your intelligence was 7 (limit:16).
 Your wisdom was 9 (limit:16).
 Your charisma was 6 (limit:16).

Final Status:
 You were satiated.
 You were unencumbered.
 You were wielding an axe.
 You had expert skill with axe.

Final Attributes:
 You were piously aligned.
 Your items were somewhat protected from fire.
 You were cold resistant.
 Your items were somewhat protected from cold.
 You were poison resistant.
 You were telepathic.
 You had infravision.
 You had slower digestion.
 You were warded.
 You were fast.
 You had free action.
 You are dead.

Miscellaneous:
 You didn't encounter any bones levels.
 Total elapsed playing time was 2 hours, 19 minutes and 59 seconds.

Major events:
 Turn
    1: AndiBanandi the chaotic female orcish Barbarian entered the dungeon
  763: attained the rank of Pillager (level 3)
 1564: entered the Gnomish Mines
 3005: attained the rank of Bandit (level 6)
 3507: entered Sokoban
 3966: completed 1st Sokoban level
 5380: completed 2nd Sokoban level
 5751: completed 3rd Sokoban level
 6327: completed 4th Sokoban level
 8102: killed by a leocrotta

You didn't know any spells.

Skills:
 Fighting Skills
   bare handed combat [Basic]
   two weapon combat  [Unskilled]
   riding             [Unskilled]
 Weapon Skills
   dagger             [Unskilled]
   axe                [Expert]
   pick-axe           [Unskilled]
   short sword        [Basic]
   broadsword         [Unskilled]
   long sword         [Unskilled]
   two-handed sword   [Unskilled]
   saber              [Unskilled]
   club               [Unskilled]
   mace               [Unskilled]
   morning star       [Unskilled]
   flail              [Unskilled]
   hammer             [Unskilled]
   quarterstaff       [Unskilled]
   spear              [Unskilled]
   trident            [Unskilled]
   bow                [Unskilled]
 Spellcasting Skills
   attack spells      [Unskilled]
   escape spells      [Unskilled]

Voluntary challenges:
 Your character was not rerolled.
 You never genocided any monsters.
 You never polymorphed an object.
 You used no wishes.
 You violated the special Sokoban rules twice.
Achievements:
 You attained the rank of Pillager.
 You entered a shop.
 You entered the Gnomish Mines.
 You attained the rank of Bandit.
 You entered Sokoban.

 The Dungeons of Doom: levels 1 to 6
    Level 1:
       A fountain.
    Level 2:
       An altar.
    Level 3:
       A potion shop.
    Level 4:
       Stairs down to The Gnomish Mines.
    Level 5:
       Many fountains.
       Oracle of Delphi.
    Level 6:
       A grave.
       Stairs up to Sokoban, level 5.
 The Gnomish Mines:
    Level 5:
 Sokoban: levels 5 up to 2
    Level 2:
       Solved.
    Level 3:
       Solved.
    Level 4:
       Solved.
    Level 5: <- You were here.
       Solved.
       Final resting place for
          you, killed by a leocrotta.


Vanquished creatures:
  a ghost
  2 wumpuses
  3 quantum mechanics
  a troll
  a gelatinous cube
  a freezing sphere
  a tiger
  2 tengu
  a human mummy
  a carnivorous ape
  a leather golem
  2 Grey-elves
  a chameleon
  a crocodile
  3 giant beetles
  a quivering blob
  a cockatrice
  a wolf
  2 lynxes
  2 panthers
 an orc-captain
 an iron piercer
  2 horses
  2 gnome rulers
  a dwarf mummy
  4 brown puddings
  a yeti
  a gold golem
  2 lizards
  2 dingoes
  a dog
  a housecat
  a jaguar
  3 blue jellies
  a gray unicorn
  3 dust vortices
  a raven
  a plains centaur
  3 snakes
  4 human zombies
  a soldier ant
  a wood nymph
  a water nymph
  a mountain nymph
  4 Uruk-hai
  2 rock piercers
  2 rock moles
  2 yellow lights
  6 gnome leaders
  a gnomish wizard
  3 kobold mummies
  a gray ooze
  2 elf zombies
  a straw golem
  2 paper golems
  a baby crocodile
  4 floating eyes
  3 dwarves
  a kobold shaman
  a hill orc
  6 rothes
  a rabid rat
  2 giant bats
 an orc zombie
  2 werejackals
  4 iguanas
  6 killer bees
  2 hobbits
  3 manes
  a large kobold
  2 hobgoblins
  3 cave spiders
  2 green molds
  3 red molds
  9 gnomes
  8 garter snakes
  a gnome zombie
  2 geckos
  7 jackals
  a goblin
  2 sewer rats
  9 grid bugs
  6 lichens
  2 kobold zombies
 10 newts
200 creatures vanquished.

No species were genocided or became extinct.

Game over:
                       ----------
                      /          \
                     /    REST    \
                    /      IN      \
                   /     PEACE      \
                  /                  \
                  |   AndiBanandi    |
                  |      304 Au      |
                  |   killed by a    |
                  |    leocrotta     |
                  |                  |
                  |                  |
                  |       2026       |
                 *|     *  *  *      | *
        _________)/\\_//(\/(/\)/\//\/|_)_______

Goodbye AndiBanandi the Barbarian...

You died in Sokoban on dungeon level 5 with 14636 points,
and 304 pieces of gold, after 8102 moves.
You were level 9 with a maximum of 101 hit points when you died.

